 Dungeon Crawl Stone Soup version 0.26-a0-652-gafc20e3620 (webtiles) character file.

Game seed: 1044658804960432044

69111 jasper the Destroyer (level 14, -3/103 HPs)
             Began as a Demonspawn Venom Mage on Oct 1, 2020.
             Was a High Priest of Vehumet.
             Killed from afar by an ogre mage (28 damage)
             ... with a bolt of lightning
             ... on level 2 of the Orcish Mines.
             The game lasted 01:08:15 (31394 turns).

jasper the Destroyer (Demonspawn Venom Mage)       Turns: 31394, Time: 01:08:15

Health: -3/103     AC: 28    Str:  9    XL:     14   Next: 89%
Magic:  28/36      EV: 15    Int: 20    God:    Vehumet [*****.]
Gold:   790        SH:  6    Dex: 18    Spells: 4/31 levels left

rFire    + . .     SeeInvis +   R - +11 whip of Woe {vorpal, rF+ rN+ MR- MP+9}
rCold    . . .     Faith    .   m - +0 buckler (curse)
rNeg     + . .     Spirit   .   h - +7 swamp dragon scales
rPois    +         Reflect  .   D - +0 helmet
rElec    .         Harm     .   O - +0 cloak "Fiesane" {Dex+3}
rCorr    .         Rampage  .   f - +0 pair of gloves
MR       .....                  d - +0 pair of boots (curse)
Stlth    +.........             (no amulet)
HPRegen  0.27/turn              g - ring of see invisible (curse)
MPRegen  0.25/turn              b - +4 ring of protection

@: no status effects
A: hooves 2, powered by pain 3, spiny 2, sharp scales 2
a: Renounce Religion


You were on level 2 of the Orcish Mines.
You worshipped Vehumet.
Vehumet was extremely pleased with you.
You visited 4 branches of the dungeon, and saw 21 of its levels.

You collected 1991 gold pieces.
You spent 1201 gold pieces at shops.

Inventory:

Hand Weapons
 R - the +11 whip of Woe (weapon) {vorpal, rF+ rN+ MR- MP+9}
   (You found it on level 8 of the Dungeon)

   It inflicts extra damage upon your enemies.
   It protects you from fire.
   It protects you from negative energy.
   It affects your resistance to hostile enchantments.
   It affects your magic capacity (+9).
Missiles
 L - a throwing net (quivered)
Armour
 d - a cursed +0 pair of boots (worn)
 f - a +0 pair of gloves (worn)
 h - +7 swamp dragon scales (worn)
 m - a cursed +0 buckler (worn)
 D - a +0 helmet (worn)
 O - the +0 cloak "Fiesane" (worn) {Dex+3}
   (You found it on level 3 of the Lair of Beasts)

   It affects your dexterity (+3).
Jewellery
 b - a +4 ring of protection (right hand)
 g - a cursed ring of see invisible (left hand)
 k - a +4 ring of slaying
 H - a +6 ring of strength
 X - an uncursed ring of flight
 Y - an uncursed ring of stealth
Wands
 c - a wand of disintegration (23)
 s - a wand of acid (13)
 v - a wand of paralysis (6)
 w - a wand of polymorph (21)
 K - a wand of flame (49)
 Q - a wand of enslavement (8)
Scrolls
 j - 5 scrolls of teleportation
 o - 4 scrolls of amnesia
 p - 2 scrolls of fog
 q - 3 scrolls of remove curse
 r - 2 scrolls of fear
 t - 7 scrolls of blinking
 u - 4 scrolls of magic mapping
 y - 2 scrolls of immolation
 C - a scroll of torment
 E - 2 scrolls of enchant weapon
 M - a scroll of noise {unknown}
 V - 2 scrolls of brand weapon {unknown}
 W - a scroll of acquirement {unknown}
 Z - 3 scrolls of vulnerability {unknown}
Potions
 a - a potion of stabbing {unknown}
 e - 5 potions of haste
 i - 2 potions of magic
 l - 6 potions of brilliance
 n - 3 potions of resistance
 z - 4 potions of mutation
 A - 3 potions of cancellation
 F - a potion of heal wounds
 G - 5 potions of lignification {unknown}
 I - 5 potions of flight
 J - a potion of berserk rage {unknown}
 P - 6 potions of degeneration {unknown}
 S - 2 potions of curing
 T - a potion of invisibility
 U - a potion of ambrosia
Miscellaneous
 B - a condenser vane (2/2)
 N - a phantom mirror


   Skills:
 - Level 7.5 Fighting
 - Level 8.0 Armour
 - Level 7.3 Dodging
 - Level 1.7 Stealth
 - Level 4.9 Shields
 + Level 9.3 Spellcasting
 - Level 13.0 Conjurations
   Level 3.2 Hexes
 - Level 2.0 Transmutations
 - Level 2.0 Fire Magic
 - Level 12.0 Air Magic
 - Level 2.2 Earth Magic
 - Level 6.1 Poison Magic


You had 4 spell levels left.
You knew the following spells:

 Your Spells              Type           Power        Failure   Level
a - Lightning Bolt        Conj/Air       ######....   1%          5
b - Swiftness             Air            ######..     1%          2
c - Mephitic Cloud        Conj/Pois/Air  ######..     1%          3
d - Ignite Poison         Fire/Tmut/Pois ###.....     3%          3
e - Conjure Ball Lightni  Conj/Air       ######....   4%          6
f - Shock                 Conj/Air       ####         1%          1
h - Passwall              Tmut/Erth      ###.....     11%         2
i - Iskenderun's Battles  Conj           ######..     1%          5

Your spell library contained the following spells:

 Spells                   Type           Power        Failure   Level
 Foxfire                  Conj/Fire      ####         1%          1
 Magic Dart               Conj           ####         1%          1
 Sandblast                Erth           ###...       1%          1
 Poisonous Vapours        Pois/Air       #####.       1%          2
 Conjure Flame            Conj/Fire      #####...     1%          3
 Dazzling Flash           Conj/Hex       #####.       1%          3
 Static Discharge         Conj/Air       ######..     1%          3
 Stone Arrow              Conj/Erth      #####.       1%          3
 Airstrike                Air            ######....   1%          4
 Sticky Flame             Conj/Fire      #####...     2%          4
 Sting                    Tmut/Pois      ####         3%          1
 Corona                   Hex            ###....      4%          1
 Olgreb's Toxic Radiance  Pois           ####....     4%          4
 Inner Flame              Hex/Fire       ###.....     5%          3
 Slow                     Hex            ###.....     7%          2
 Ensorcelled Hibernation  Hex/Ice        ###...       14%         2
 Confusing Touch          Hex            ###.....     14%         3
 Tukima's Dance           Hex            ###.....     14%         3
 Blink                    Tloc           N/A          26%         2
 Call Imp                 Summ           #.......     26%         2
 Portal Projectile        Hex/Tloc       ###...       26%         3
 Cause Fear               Hex            ###.......   43%         4
 Gell's Gravitas          Tloc           #.........   45%         3
 Leda's Liquefaction      Hex/Erth       ###.......   50%         4
 Petrify                  Tmut/Erth      ###.....     56%         4
 Fireball                 Conj/Fire      #####.....   6%          5
 Silence                  Hex/Air        #####.....   22%         5
 Freezing Cloud           Conj/Ice/Air   #####.....   22%         6
 Yara's Violent Unravell  Hex/Tmut       ###.......   38%         5
 Lee's Rapid Deconstruct  Erth           ###.......   41%         5
 Dispersal                Tloc           #.........   100%        6
 Discord                  Hex            ###.......   100%        8
 Disjunction              Tloc           #.........   100%        8


Dungeon Overview and Level Annotations

Branches:
Dungeon (12/15)            Temple (1/1) D:7            Lair (6/6) D:10
 Shoals (0/4) Lair:4        Snake (0/4) Lair:2        Slime (0/5) Lair:6
    Orc (2/2) D:9
    Elf: Orc:2

Altars:
Ashenzari
Cheibriados
Dithmenos
Elyvilon
Fedhas
Gozag
Hepliaklqana
Kikubaaqudgha
Makhleb
Nemelex Xobeh
Okawaru
Ru
Sif Muna
Trog
Vehumet
Wu Jian
Xom
Yredelemnul
Zin
The Shining One

Shops:
D:4 }   D:5 :   D:8 !   D:11 *   D:12 }

Annotations:
D:12 exclusion: orange crystal statue
Lair:1 3 runed translucent doors, Biyckim's ghost, journeyman GnWn
Lair:3 exclusion: oklob plant
Lair:6 1 runed translucent door, benadryl's ghost, journeyman GrEE


Innate Abilities, Weirdness & Mutations

You have hoof-like feet.
You are powered by pain.
You are mostly covered in sharp spines.
You are mostly covered in razor-sharp scales. (AC +2, Slay +2)


Message History

The blast of lightning engulfs you!!
* * * LOW HITPOINT WARNING * * *
The blast of lightning engulfs the ogre mage!
The ogre mage is severely wounded.
You block the ogre mage's attack.
Unknown command.
Casting: Conjure Ball Lightning (dangerous; 4% risk of failure)
Confirm with . or Enter, or press ? or * to list all spells.
Aiming: Mephitic Cloud (safe; 1% risk of failure)
Press: ? - help, Shift-Dir - straight line, f - ogre mage
Aim: an ogre mage, wielding a +0 spear and wearing a +0 robe (severely wounded, fast)
The ball explodes into a vile cloud!
The stinking cloud engulfs the ogre mage but does no damage.
The ogre mage is severely wounded.
The stinking cloud engulfs the ogre but does no damage.
The ogre is moderately wounded.
The ogre mage is engulfed in noxious fumes.
The ogre mage gestures at you while chanting.
The bolt of lightning hits you!!
You die...

##...........[.)..[.[..). .
#........).)[)..$[.....) ..
##........([<)[........)
...#.....#.....†...........
............()T............
#.........☼.§...)$.........
...........OO..(...........
..........§☼.............##
..........@.........<.....#
..#.##....................#
.... ##....................
... ...#..................#
#. ........................
.........................
#...#..#.##...#.......#..
#########################


You could see an ogre mage (fast), a deep troll and an ogre (fast).

Vanquished Creatures
  Nessos (Lair:4)
  A fire dragon (Lair:6)
  An ogre mage (Orc:1)
  9 hydras
  Erolcha (D:10)
  Harold (D:7)
  6 two-headed ogres
  Erica (D:9)
  A death knight (D:11)
  3 death yaks
  A fire crab (Lair:6)
  A skeletal warrior (D:11)
  A deep troll (Orc:2)
  An unseen horror (D:11)
  A phantasmal warrior (D:11)
  Pikel (D:9)
  An orc knight (Orc:2)
  An orc sorcerer (Orc:2)
  3 ugly things
  3 cyclopes
  Maurice (D:10)
  12 elephants
  Joseph (D:10)
  8 black mambas
  2 merfolk sirens (Lair:4)
  4 molten gargoyles
  Maggie (D:7)
  8 cane toads
  2 rime drakes
  A freezing wraith (D:11)
  7 komodo dragons
  5 trolls
  2 merfolk (Lair:4)
  2 hornets (D:12)
  A polar bear (Lair:5)
  11 blink frogs
  4 dream sheep (Lair:4)
  7 hippogriffs
  Sigmund (D:4)
  A shadow (D:12)
  3 water elementals (D:12)
  5 basilisks
  A human (D:9)
  2 wraiths
  3 steam dragons (Lair:6)
  6 wyverns
  55 yaks
  4 fire bats (Lair:1)
  2 wargs (Orc:2)
  2 nagas (Lair:2)
  18 water moccasins
  Duvessa (D:4)
  5 hell hounds (Lair:6)
  7 porcupines
  10 orc warriors
  3 sky beasts
  2 black bears
  4 ice beasts
  2 necrophages
  19 ogres
  6 wolves (Lair:4)
  10 crocodiles
  3 centaurs
  2 lemures (D:9)
  6 big kobolds
  14 bullfrogs
  A wyvern zombie (D:12)
  Dowan (D:4)
  3 scorpions
  27 killer bees
  13 wights
  2 howler monkeys
  3 electric eels
  3 bullfrog zombies
  6 lava snakes
  A quasit (D:12)
  3 bullfrog skeletons
  3 centaur skeletons
  20 orc priests
  A gnoll shaman (D:10)
  3 hounds
  A jelly (D:10)
  10 orc wizards
  4 iguanas
  4 worker ants
  7 hell rats (Lair:5)
  3 hound skeletons
  2 howler monkey zombies
  A worker ant zombie (D:10)
  17 adders
  13 gnolls
  2 howler monkey skeletons
  2 shadow imps
  2 white imps
  An ufetubus (D:10)
  2 adder skeletons
  A dart slug (D:1)
  8 leopard geckos
  61 orcs
  5 giant cockroaches
  9 goblins
  6 hobgoblins
  5 jackals
  29 kobolds
  5 quokkas
  2 ball pythons
  6 bats
  5 frilled lizards
  A kobold skeleton (D:9)
  5 rats
  A butterfly (Lair:3)
  A fire vortex (Lair:1)
626 creatures vanquished.

Vanquished Creatures (others)
  A dancing weapon (Orc:2)
  15 ball lightnings
  An orc wizard (D:12)
  2 bushes
  68 fungi
  150 plants
237 creatures vanquished.

Grand Total: 863 creatures vanquished

Notes
Turn   | Place    | Note
-------+----------+-------------------------------------------
     0 | D:1      | jasper the Demonspawn Venom Mage began the quest for the
                  | Orb.
     0 | D:1      | Reached XP level 1. HP: 13/13 MP: 3/3
   292 | D:1      | Gained mutation: You have large cloven feet. [demonic
                  | ancestry]
   292 | D:1      | Reached XP level 2. HP: 9/19 MP: 0/5
   448 | D:1      | Learned a level 2 spell: Poisonous Vapours
  1550 | D:2      | Gained mutation: You are partially covered in sharp spines.
                  | [demonic ancestry]
  1550 | D:2      | Reached XP level 3. HP: 24/24 MP: 6/6
  1645 | D:2      | Found a white marble altar of Elyvilon.
  1749 | D:2      | Found an opulent altar of Gozag.
  1751 | D:2      | Found a snail-covered altar of Cheibriados.
  1753 | D:2      | Found a sacrificial altar of Ru.
  2155 | D:3      | Learned a level 3 spell: Mephitic Cloud
  2602 | D:3      | Reached XP level 4. HP: 30/30 MP: 7/7
  2623 | D:3      | Reached skill level 5 in Poison Magic
  3058 | D:3      | Gained mutation: You sometimes gain a little power by
                  | taking damage. [demonic ancestry]
  3058 | D:3      | Reached XP level 5. HP: 33/35 MP: 8/8
  3424 | D:3      | Found a shimmering blue altar of Sif Muna.
  3581 | D:4      | Noticed Sigmund
  3616 | D:4      | Killed Sigmund
  3616 | D:4      | Reached skill level 1 in Conjurations
  3616 | D:4      | Reached skill level 1 in Transmutations
  3616 | D:4      | Reached skill level 1 in Air Magic
  3616 | D:4      | Gained mutation: You are mostly covered in sharp spines.
                  | [demonic ancestry]
  3616 | D:4      | Reached XP level 6. HP: 30/41 MP: 7/9
  3722 | D:4      | Reached skill level 2 in Conjurations
  3727 | D:4      | Learned a level 3 spell: Ignite Poison
  3975 | D:4      | Noticed Dowan
  3991 | D:4      | Noticed Duvessa
  3994 | D:4      | Killed Dowan
  3995 | D:4      | Killed Duvessa
  3995 | D:4      | Reached skill level 3 in Conjurations
  3995 | D:4      | Gained mutation: You are partially covered in razor-sharp
                  | scales. (AC +1, Slay +1) [demonic ancestry]
  3995 | D:4      | Reached XP level 7. HP: 39/46 MP: 6/10
  4155 | D:4      | Found Labbuom's Gadget Boutique.
  4159 | D:4      | Bought a wand of paralysis (5) for 77 gold pieces
  4617 | D:5      | Entered Level 5 of the Dungeon
  4673 | D:5      | Found Cefam's Book Shop.
  4689 | D:5      | Reached skill level 1 in Fire Magic
  5633 | D:5      | Reached skill level 4 in Conjurations
  5835 | D:5      | Reached skill level 1 in Shields
  5922 | D:5      | Gained mutation: You sometimes gain power by taking damage.
                  | [demonic ancestry]
  5922 | D:5      | Reached XP level 8. HP: 43/51 MP: 11/11
  6793 | D:6      | Found a shimmering altar of Xom.
  6793 | D:6      | Found a shimmering altar of Xom.
  6793 | D:6      | Found a shimmering altar of Xom.
  6794 | D:6      | Found a shimmering altar of Xom.
  6794 | D:6      | Found a shimmering altar of Xom.
  7257 | D:6      | Reached skill level 5 in Conjurations
  7936 | D:7      | Noticed Harold
  7957 | D:7      | Killed Harold
  7957 | D:7      | Reached skill level 5 in Air Magic
  7957 | D:7      | Reached XP level 9. HP: 23/54 MP: 10/15
  8537 | D:7      | Reached skill level 1 in Fighting
  8705 | D:7      | Noticed a cyclops
  8709 | D:7      | Found a staircase to the Ecumenical Temple.
  8720 | D:7      | Killed a cyclops
  8720 | D:7      | Reached skill level 6 in Conjurations
  8736 | Temple   | Entered the Ecumenical Temple
  8913 | Temple   | Became a worshipper of Vehumet
  9025 | D:7      | Noticed Maggie
  9038 | D:7      | Killed Maggie
  9558 | D:7      | Got a fine dagger
  9561 | D:7      | Identified the +3 dagger "Jelly's Undoing" {antimagic,
                  | Int+8} (You found it on level 7 of the Dungeon)
  9739 | D:7      | Found a burning altar of Makhleb.
  9739 | D:7      | Noticed a blizzard demon
  9742 | D:7      | Noticed a hellwing
  9884 | D:8      | Got a shimmering quarterstaff
 10069 | D:8      | Reached skill level 5 in Spellcasting
 10069 | D:8      | Reached XP level 10. HP: 66/66 MP: 10/17
 10091 | D:8      | Learned a level 3 spell: Tukima's Dance
 10154 | D:8      | Got a jewelled whip
 10155 | D:8      | Identified the +11 whip of Woe {vorpal, rF+ rN+ MR- MP+9}
                  | (You found it on level 8 of the Dungeon)
 10353 | D:8      | Noticed a brown ugly thing
 10359 | D:8      | Killed a brown ugly thing
 10369 | D:8      | Reached * piety under Vehumet
 10369 | D:8      | Offered knowledge of Shock by Vehumet.
 10733 | D:8      | Found Oryfovym's Distillery.
 10739 | D:8      | Bought a potion of flight for 45 gold pieces
 10739 | D:8      | Bought a potion of invisibility for 120 gold pieces
 10739 | D:8      | Bought a potion of ambrosia for 120 gold pieces
 10739 | D:8      | Bought a potion of resistance for 150 gold pieces
 10739 | D:8      | Bought a potion of curing for 45 gold pieces
 11016 | D:9      | Found a runed translucent door.
 11021 | D:9      | Found a basalt altar of Yredelemnul.
 11036 | D:9      | Reached skill level 7 in Conjurations
 11128 | D:9      | Noticed Pikel
 11141 | D:9      | Killed Pikel
 11385 | D:9      | Learned a level 1 spell: Shock
 11387 | D:9      | Noticed Erica
 11402 | D:9      | Killed Erica
 12047 | D:9      | Learned a level 5 spell: Lightning Bolt
 12050 | D:9      | Learned a level 2 spell: Swiftness
 12116 | D:9      | Found a staircase to the Orcish Mines.
 12308 | D:9      | Reached skill level 1 in Hexes
 12385 | D:10     | Entered Level 10 of the Dungeon
 12402 | D:10     | Found a staircase to the Lair.
 12506 | D:10     | Reached skill level 1 in Armour
 12557 | D:10     | Offered knowledge of Foxfire by Vehumet.
 12568 | D:10     | Reached ** piety under Vehumet
 12676 | D:10     | Noticed Maurice
 12814 | D:11     | Gained mutation: You are powered by pain. [demonic
                  | ancestry]
 12814 | D:11     | Reached XP level 11. HP: 68/74 MP: 19/19
 13121 | D:11     | Noticed a green ugly thing
 13194 | Lair:1   | Entered Level 1 of the Lair of Beasts
 13849 | Lair:1   | Noticed a six-headed hydra
 13855 | Lair:1   | Killed a six-headed hydra
 13855 | Lair:1   | Reached skill level 5 in Armour
 14052 | Lair:1   | Found a runed translucent gate.
 14053 | Lair:1   | Noticed Biyckim's ghost (journeyman GnWn)
 14060 | Lair:1   | Found a runed translucent gate.
 14061 | Lair:1   | Found a runed translucent gate.
 15486 | Lair:2   | Found a staircase to the Snake Pit.
 15743 | Lair:2   | Offered knowledge of Stone Arrow by Vehumet.
 15783 | Lair:2   | Learned a level 3 spell: Stone Arrow
 16187 | Lair:2   | You fall into a shaft and drop 2 floors!
 16220 | Lair:4   | Reached skill level 1 in Earth Magic
 16253 | Lair:4   | Reached *** piety under Vehumet
 16253 | Lair:4   | Reached skill level 8 in Conjurations
 16473 | Lair:4   | Found a staircase to the Shoals.
 16546 | Lair:4   | Noticed Nessos
 16657 | Lair:4   | Gained mutation: You have hoof-like feet. [demonic
                  | ancestry]
 16657 | Lair:4   | Reached XP level 12. HP: 60/84 MP: 20/21
 16955 | Lair:4   | Learned a level 2 spell: Passwall
 17005 | Lair:4   | Killed Nessos
 17329 | Lair:4   | Offered knowledge of Frozen Ramparts by Vehumet.
 17463 | Lair:4   | Reached skill level 5 in Dodging
 17473 | Lair:4   | Reached skill level 5 in Fighting
 17474 | Lair:4   | Reached skill level 9 in Conjurations
 17887 | Lair:5   | Noticed a death yak
 17887 | Lair:5   | Noticed a death yak
 17901 | Lair:4   | Killed a death yak
 18176 | Lair:5   | Noticed an eight-headed hydra
 18356 | Lair:5   | Reached **** piety under Vehumet
 18636 | Lair:5   | Offered knowledge of Iskenderun's Battlesphere by Vehumet.
 18970 | Lair:5   | Noticed a four-headed hydra
 18983 | Lair:5   | Killed a four-headed hydra
 19029 | Lair:5   | Noticed a five-headed hydra
 19351 | Lair:3   | Got a glimmering cloak
 19357 | Lair:3   | Identified the +0 cloak "Fiesane" {Dex+3} (You found it on
                  | level 3 of the Lair of Beasts)
 19455 | Lair:3   | Learned a level 5 spell: Iskenderun's Battlesphere
 19880 | Lair:3   | Reached XP level 13. HP: 88/93 MP: 20/25
 20775 | D:10     | Noticed Joseph
 20788 | D:10     | Killed Joseph
 20795 | D:10     | Noticed Erolcha
 20798 | D:10     | Killed Erolcha
 20798 | D:10     | Reached skill level 10 in Conjurations
 20809 | D:10     | Killed Maurice
 20890 | D:10     | Reached ***** piety under Vehumet
 20903 | D:10     | Offered knowledge of Iskenderun's Mystic Blast by Vehumet.
 21312 | Orc:1    | Entered Level 1 of the Orcish Mines
 21944 | Orc:2    | Entered Level 2 of the Orcish Mines
 23407 | Orc:2    | Reached skill level 10 in Air Magic
 23941 | D:11     | Reached skill level 11 in Conjurations
 24242 | D:11     | Found Asmaat's Assorted Antiques.
 24250 | D:11     | Bought 2 scrolls labeled KANNIM FOLUU for 52 gold pieces
 24250 | D:11     | Bought a scroll of identify for 52 gold pieces
 25644 | D:12     | Offered knowledge of Iron Shot by Vehumet.
 25729 | D:12     | Gained mutation: You are mostly covered in razor-sharp
                  | scales. (AC +2, Slay +2) [demonic ancestry]
 25729 | D:12     | Reached XP level 14. HP: 103/103 MP: 26/26
 25810 | D:12     | Found Siuhir's Gadget Shop.
 27065 | Lair:5   | Reached skill level 12 in Conjurations
 27948 | Lair:6   | Entered Level 6 of the Lair of Beasts
 28206 | Lair:6   | Found a runed translucent door.
 28240 | Lair:6   | Noticed benadryl's ghost (journeyman GrEE)
 28636 | Lair:6   | Found a staircase to the Slime Pits.
 29171 | Lair:6   | Offered knowledge of Conjure Ball Lightning by Vehumet.
 29389 | Lair:6   | Reached skill level 13 in Conjurations
 30240 | Lair:6   | Learned a level 6 spell: Conjure Ball Lightning
 30387 | Lair:6   | Found a large runed translucent door.
 30388 | Lair:6   | Found a large runed translucent door.
 31242 | D:5      | Bought a book of Clouds for 540 gold pieces
 31394 | Orc:2    | Killed from afar by an ogre mage

Illustrated notes

Levels and vault maps discovered:
D:1:      mrwooster_arrival_statue_2, layout_basic, minmay_octomino_j4
D:2:      layout_basic, minitemple
D:3:      kb_forest_paths, layout_basic, lemuel_blue_sif_altar
D:4:      layout_gridville, serial_shops, shop, uniq_duvessa, uniq_sigmund
D:5:      layout_basic, serial_shops, shop
D:6:      layout_basic, xom_redecorated
D:7:      layout_rooms, minmay_temple_entry_hall, makhleb_altar_promises_db,
          uniq_harold, uniq_maggie
D:8:      layout_basic, serial_shops, kennysheep_little_box
D:9:      layout_roguey, orc_0_dummy, nicolae_benzene_ring,
          dk_yredelemnul_ordeal, uniq_pikel, uniq_erica
D:10:     layout_rooms, due_lair_maze_entry_diamond, minmay_joined_circles,
          uniq_joseph, uniq_erolcha, uniq_maurice
D:11:     layout_stronghold, serial_shops, shop
D:12:     layout_irregular_city, serial_shops, kennysheep_mini, serial_bayou,
          serial_bayou_lagoon_a, serial_bayou_pond_d, serial_bayou_pond_b,
          serial_bayou_pond_e, minivault_16
Temple:   dpeg_five_rooms_temple
Lair:1:   layout_gridlike, gammafunk_ghost_split
Lair:2:   layout_layer_cave, minmay_snake_entry_guardpost_small, serial_forest,
          infiniplex_forest_clump_long, infiniplex_forest_lined_room_3,
          infiniplex_forest_corner_1, infiniplex_forest_corner_1,
          infiniplex_forest_zigzag_2, infiniplex_forest_lined_3_way
Lair:3:   layout_cellular_growth, special_room [special_room_bee],
          minmay_lair_oklob_chamber, lemuel_fruit_fields
Lair:4:   layout_roguey, elwin_shoals_entry_stream, uniq_nessos
Lair:5:   layout_cave_pods, guppyfry_lair_drakes, grunt_megastairs_5,
          serial_bayou_shore_a, infiniplex_staircase_pool
Lair:6:   cheibrodos_lair_end_hotspot, layout_layer_cave, slime_dummy,
          ebering_ghost_reflecting_pool, serial_bayou_ford_a,
          nicolae_lair_grove_arrangements
Orc:1:    layout_diamond_mine
Orc:2:    st_orc_open, layout_caves

Skill      XL: |  1  2  3  4  5  6  7  8  9 10 11 12 13 14 |
---------------+-------------------------------------------+-----
Poison Magic   | 4 5 6 |  6.1
Conjurations   | 1 3 4 5 6 7 8 9 11 13 | 13.0
Transmutations | 1 2 |  2.0
Air Magic      | 1 2 4 5 6 7 9 10 12 | 12.0
Fire Magic     | 2 |  2.0
Shields        | 1 4 |  4.9
Spellcasting   | 4 5 6 8 9 |  9.3
Dodging        | 3 4 5 7 |  7.3
Fighting       | 2 4 5 7 |  7.5
Hexes          | 3 |  3.2
Armour         | 3 8 |  8.0
Earth Magic    | 2 |  2.2
Stealth        | |  1.7

Action                   |  1- 3 |  4- 6 |  7- 9 | 10-12 | 13-15 || total
-------------------------+-------+-------+-------+-------+-------++-------
Melee: Short sword       |    43 |     2 |    34 |     2 |       ||    81
       Kick              |     8 |       |       |       |       ||     8
       Falchion          |       |    64 |   131 |       |       ||   195
       Whip              |       |       |       |   217 |   402 ||   619
Throw: Stone             |    15 |       |       |       |       ||    15
       Javelin           |    13 |     8 |    33 |    17 |     1 ||    72
 Cast: Sting             |    32 |    18 |    46 |     6 |       ||   102
       Poisonous Vapours |     1 |       |     1 |       |       ||     2
       Mephitic Cloud    |       |       |    13 |    47 |    17 ||    77
       Ignite Poison     |       |       |    10 |    40 |    15 ||    65
       Shock             |       |       |       |   252 |   145 ||   397
       Tukima's Dance    |       |       |       |     3 |     4 ||     7
       Lightning Bolt    |       |       |       |    33 |   100 ||   133
       Iskenderun's Batt |       |       |       |       |    17 ||    17
       Stone Arrow       |       |       |       |       |    13 ||    13
       Conjure Ball Ligh |       |       |       |       |     6 ||     6
Evoke: Wand              |       |     2 |     4 |    10 |     3 ||    19
       Condenser vane    |       |       |       |       |     1 ||     1
  Use: Scroll            |     3 |       |       |    21 |     6 ||    30
       Potion            |       |     1 |     1 |     3 |     1 ||     6
 Stab: Sleeping          |     1 |     2 |     4 |     1 |       ||     8
       Paralysed         |       |       |     1 |       |       ||     1
       Confused          |       |       |       |     1 |       ||     1
       Distracted        |       |       |       |       |     2 ||     2
Armor: Robe              |     7 |    17 |    37 |    32 |       ||    93
       Swamp dragon scal |       |       |       |    88 |   272 ||   360
Dodge: Dodged            |    45 |    54 |   110 |   184 |   424 ||   817
Block: Buckler           |       |       |    13 |   107 |   174 ||   294
       Rpst.: Falchion   |       |    15 |    27 |       |       ||    42

Table legend: (Time is in decaauts)
 A = Elapsed time spent in this place.
 B = Non-inter-level travel time spent in this place.
 C = Inter-level travel time spent in this place.
 D = Time resting spent in this place.
 E = Time spent auto-exploring this place.
 F = Levels seen in this place.
 G = Mean time per level.
                   A        B        C        D        E       F      G
               +--------+--------+--------+--------+--------+-----+--------+
         Total |  31632 |  30198 |   1434 |   7982 |  17909 |  21 | 1506.3 |
       Dungeon |  17048 |  16245 |    803 |   3148 |  10653 |  12 | 1420.7 |
        Temple |    250 |    178 |     72 |      0 |    173 |   1 |  250.0 |
          Lair |  12076 |  11534 |    542 |   3307 |   6656 |   6 | 2012.7 |
  Orcish Mines |   2255 |   2239 |     16 |   1527 |    427 |   2 | 1127.5 |
               +--------+--------+--------+--------+--------+-----+--------+

Top non-repeatable levels by time:
  Lair:6: 2800 daAuts
  Lair:4: 2530 daAuts
    D:11: 2014 daAuts
  Lair:5: 1948 daAuts
     D:6: 1791 daAuts
  Lair:1: 1789 daAuts
     D:5: 1757 daAuts
  Lair:2: 1740 daAuts
     D:9: 1734 daAuts
     D:7: 1665 daAuts
   Orc:1: 1589 daAuts
     D:1: 1484 daAuts
     D:3: 1427 daAuts
  Lair:3: 1267 daAuts
    D:12: 1223 daAuts
